 Dungeon Crawl Stone Soup version 0.29.0-7-g18a832c13a (webtiles) character file.

Game seed: 4531264539901777015

116 Axelsxxd the Ruffian (level 5, 0/36 HPs)
             Began as an Octopode Gladiator on Aug 30, 2022.
             Slain by an orc wizard
             ... wielding a +0 dagger
              (3 damage)
             ... on level 3 of the Dungeon.
             The game lasted 00:03:20 (3175 turns).

Axelsxxd the Ruffian (Octopode Gladiator)           Turns: 3175, Time: 00:03:20

Health: 0/36       AC:  1    Str: 16    XL:     5   Next: 1%
Magic:  5/5        EV: 14    Int: 10    God:
Gold:   143        SH:  0    Dex: 13    Spells: 4/4 levels left

rFire   . . .      SeeInvis .     - Unarmed
rCold   . . .      Faith    .   (no shield)
rNeg    . . .      Spirit   .   a - +0 hat
rPois   .          Reflect  .   (no amulet)
rElec   .          Harm     .   (no ring)
rCorr   .          Rampage  .   (no ring)
Will    .....                   (no ring)
Stlth   +++.......              (no ring)
HPRegen 0.12/turn               (no ring)
MPRegen 0.09/turn               (no ring)
                                (no ring)
                                (no ring)

@: hasted, very quick
A: almost no armour, amphibious, 8 rings, camouflage 1, gelatinous body 1,
(nimble swimmer 1), tentacles
a: no special abilities


You were on level 3 of the Dungeon.
You visited 1 branch of the dungeon, and saw 3 of its levels.

You collected 143 gold pieces.

Inventory:

Missiles
 b - 3 throwing nets (quivered)
 c - a javelin
Armour
 a - a +0 hat (worn)
Scrolls
 d - a scroll of immolation {unknown}
 f - 2 scrolls of teleportation {unknown}
 h - a scroll of noise {unknown}
 i - a scroll of amnesia {unknown}
 l - a scroll of brand weapon {unknown}
Potions
 e - a potion of flight {unknown}
 g - a potion of heal wounds {unknown}
 j - a potion of haste
 k - a potion of magic {unknown}
 m - a potion of might {unknown}
 n - a potion of curing {unknown}


   Skills:
 * Level 3.2 Fighting
 - Level 2.0 Throwing
 + Level 3.5 Dodging
 + Level 2.3 Stealth
 * Level 4.0 Unarmed Combat


You had 4 spell levels left.
You didn't know any spells.
Your spell library was empty.

Dungeon Overview and Level Annotations

Branches:
Dungeon (3/15)

Altars:
Ru
Wu Jian


Innate Abilities, Weirdness & Mutations

You cannot wear most types of armour.
You are amphibious.
You can wear up to eight rings at the same time.
Your skin changes colour to match your surroundings (Stealth+).
Your rubbery body absorbs attacks. (AC +1, EV +1)
((You are camouflaged when in or above water. (Stealth+)))
You have tentacles for arms and can constrict up to eight enemies at once.


Message History

You constrict the orc wizard, but do no damage.
The orc wizard escapes!
You tentacle-slap the orc wizard but do no damage.
Your grab misses the orc wizard.
The orc wizard is almost dead.
The orc wizard closely misses you.
You barely miss the orc wizard. Your grab misses the orc wizard.
The orc wizard is almost dead.
Something hits you.
The orc wizard hits you with a +2 dagger of protection.
You closely miss the orc wizard. Your grab misses the orc wizard.
Your squeeze misses the orc wizard.
The orc wizard is almost dead.
You tentacle-slap the orc wizard but do no damage.
You grab the orc wizard.
The orc wizard is almost dead.
You constrict the orc wizard.
You kill the orc wizard!
Something hits you.
Your Unarmed Combat skill increases to level 4!
You have reached level 5!
You feel stronger.
You miss something. You squeeze something! Something hits you.
You tentacle-slap something but do no damage.
Something hits you.
You tentacle-slap something. Your squeeze misses something.
You hear some strange, mumbled words.
A puff of flame appears from out of thin air!
The puff of flame misses you.
You miss something. Something hits you.
You miss something. Something hits you.
* * * LOW HITPOINT WARNING * * *
You tentacle-slap something but do no damage.
Something hits you.
* * * LOW HITPOINT WARNING * * *
You closely miss something. Your squeeze misses something. Something hits you.
* * * LOW HITPOINT WARNING * * *
You barely miss something. Something hits you but does no damage.
It was a potion of haste.
You feel yourself speed up. Something hits you.
You die...

### .. .#
#########{# ######
#.......@)#
##....#
#.<.......#
....#.#
#.........#
....#.#
#>.......##
..#...#####.#...##
........<...#.#.#
#.(.....###.#.#.#
....#...........#
..#.###.....#.###


There were no monsters in sight!

Vanquished Creatures
  An orc wizard (D:3)
  3 adders (D:2)
  A worm (D:2)
  2 dart slugs (D:1)
  3 orcs (D:3)
  6 endoplasms
  3 giant cockroaches
  3 goblins
  4 hobgoblins
  5 quokkas
  6 ball pythons
  5 bats
  2 frilled lizards (D:1)
  9 kobolds
  A rat (D:2)
54 creatures vanquished.

Notes
Turn   | Place    | Note
-------+----------+-------------------------------------------
     0 | D:1      | Axelsxxd the Octopode Gladiator began the quest for the
                  | Orb.
     0 | D:1      | Reached XP level 1. HP: 14/14 MP: 1/1
   591 | D:1      | Reached XP level 2. HP: 19/19 MP: 2/2
   814 | D:1      | Reached skill level 1 in Stealth
  1126 | D:1      | Reached XP level 3. HP: 24/25 MP: 3/3
  2256 | D:2      | Reached XP level 4. HP: 24/30 MP: 4/4
  2745 | D:3      | Found a sacrificial altar of Ru.
  2963 | D:3      | Found an ornate altar of the Wu Jian Council.
  3167 | D:3      | Reached skill level 4 in Unarmed Combat
  3167 | D:3      | Reached XP level 5. HP: 19/36 MP: 5/5
  3175 | D:3      | Slain by an orc wizard

Illustrated notes

Levels and vault maps discovered:
D:1:      dpeg_arrival_simpleton_a, layout_basic
D:2:      layout_basic
D:3:      layout_basic, mainiacjoe_overflow_24_doors, mainiacjoe_overflow_paths,
          nicolae_wu_jian_glorious_leap, lemuel_tele_altar

Skill      XL: |  1  2  3  4 |
---------------+-------------+-----
Stealth        | 1 2 |  2.3
Fighting       | 3 |  3.2
Unarmed Combat | 4 |  4.0
Throwing       | |  2.0
Dodging        | |  3.5

Action                   |  1- 3 |  4- 6 || total
-------------------------+-------+-------++-------
Melee: Unarmed           |    72 |    49 ||   121
       Constrict         |    21 |    12 ||    33
       Tentacles         |    15 |    12 ||    27
       Punch             |     1 |     1 ||     2
  Use: Potion            |       |     1 ||     1
 Stab: Sleeping          |     8 |     9 ||    17
       Distracted        |     2 |       ||     2
Armor: Skin              |     7 |     3 ||    10
Dodge: Dodged            |    40 |    21 ||    61
